 Dungeon Crawl Stone Soup version 0.26-a0-163-g6c8a0bf695 (webtiles) character file.

Game seed: 5163978610292537106

39 BritishOli the Slasher (level 3, -2/28 HPs)
             Began as a Demonspawn Gladiator on July 3, 2020.
             Slain by a gnoll
             ... wielding a +0 whip
              (5 damage)
             ... on level 2 of the Dungeon.
             The game lasted 00:01:09 (1097 turns).

BritishOli the Slasher (Demonspawn Gladiator)       Turns: 1097, Time: 00:01:09

Health: -2/28      AC:  3    Str: 15    XL:     3   Next: 26%
Magic:  3/3        EV: 13    Int:  9    God:
Gold:   0          SH:  0    Dex: 14    Spells: 2/2 levels left

rFire    + . .     SeeInvis .   a - +0 long sword
rCold    . . .     Faith    .   (no shield)
rNeg     . . .     Spirit   .   b - +0 leather armour
rPois    .         Reflect  .   (helmet restricted)
rElec    .         Harm     .   (no cloak)
rCorr    .                      (no gloves)
MR       .....                  (no boots)
Stlth    ..........             (no amulet)
HPRegen  0.09/turn              j - ring of attention (curse)
MPRegen  0.08/turn              (no ring)

@: no status effects
A: horns 1, fire resistance 1
a: no special abilities


You were on level 2 of the Dungeon.
You were not hungry.

You visited 1 branch of the dungeon, and saw 2 of its levels.

Inventory:

Hand Weapons
 a - a +0 long sword (weapon)
Missiles
 d - 3 throwing nets (quivered)
Armour
 b - a +0 leather armour (worn)
 c - a +0 helmet
Jewellery
 j - a cursed ring of attention (left hand)
Scrolls
 g - a scroll of magic mapping {unknown}
 k - a scroll of teleportation
 l - a scroll of enchant weapon {unknown}
 m - a scroll of enchant armour {unknown}
 n - a scroll of fog {unknown}
Potions
 e - a potion of flight {unknown}
 i - a potion of heal wounds
 o - a potion of might {unknown}
Comestibles
 f - a ration
 h - a chunk of flesh


   Skills:
 + Level 2.4 Fighting
 + Level 3.0 Long Blades
 + Level 2.2 Throwing
 + Level 1.0 Armour
 + Level 3.0 Dodging


You had 2 spell levels left.
You didn't know any spells.
Your spell library was empty.

Dungeon Overview and Level Annotations

Branches:
Dungeon (2/15)

Altars:


Innate Abilities, Weirdness & Mutations

You have a pair of small horns on your head.
Your flesh is heat resistant. (rF+)


Message History

The gnoll hits you from afar with a +1 halberd of protection.
You barely miss the gnoll. The gnoll barely misses you. x2
You hit the gnoll but do no damage.
You headbutt the gnoll, but do no damage.
The gnoll misses you.
You riposte.
You barely miss the gnoll. You headbutt the gnoll.
The gnoll is heavily wounded.
The gnoll hits you from afar with a +1 halberd of protection.
The gnoll hits you with a +0 whip!
* * * LOW HITPOINT WARNING * * *
You hit the gnoll but do no damage.
The gnoll is heavily wounded.
The gnoll hits you but does no damage. The gnoll hits you with a +0 whip.
* * * LOW HITPOINT WARNING * * *
Unknown command.
Unknown command.
You barely miss the gnoll.
The gnoll is heavily wounded.
The gnoll hits you with a +0 whip.
You die...

##...####.........
#.....).'.........
##...####.........
####..#####.......#
#........###.....##
#.....##.# ##..)##
#........# ##'##
##.####### #.# #@#
### #g# #.... #g#
#..... #g# #......
##g#####.......
#.gg.##........
##...#.......r.
##.##g).......
#.g#.gg....≈.


You could see 4 gnolls, a hobgoblin and a goblin.

Vanquished Creatures
  An adder (D:2)
  3 dart slugs (D:1)
  A giant cockroach (D:2)
  2 goblins
  2 hobgoblins
  2 jackals (D:1)
  8 bats
  3 frilled lizards (D:1)
  2 kobolds (D:1)
  A rat (D:1)
25 creatures vanquished.

Notes
Turn   | Place    | Note
-------+----------+-------------------------------------------
     0 | D:1      | BritishOli the Demonspawn Gladiator began the quest for the
                  | Orb.
     0 | D:1      | Reached XP level 1. HP: 16/16 MP: 1/1
    79 | D:1      | Gained mutation: You have a pair of small horns on your
                  | head. [demonic ancestry]
    79 | D:1      | Reached XP level 2. HP: 5/22 MP: 2/2
   937 | D:2      | Gained mutation: Your flesh is heat resistant. (rF+)
                  | [demonic ancestry]
   937 | D:2      | Reached XP level 3. HP: 24/28 MP: 3/3
  1043 | D:2      | Reached skill level 1 in Armour
  1097 | D:2      | Slain by a gnoll

Illustrated notes

Levels and vault maps discovered:
D:1:      psy_arrival_radial02, layout_rooms, minmay_misc_feat_x
D:2:      kennysheep_big_flooded_room, layout_loops_corners, first_ration

Skill      XL: |  1  2  3 |
---------------+----------+-----
Throwing       | 2 |  2.2
Long Blades    | 3 |  3.0
Dodging        | 3 |  3.0
Armour         | 1 |  1.0
Fighting       | |  2.4

Action                   || total
-------------------------++-------
Melee: Long sword        ||    67
       Headbutt          ||    12
  Use: Scroll            ||     2
       Potion            ||     1
  Eat: Chunk             ||     1
Armor: Leather armour    ||    39
Dodge: Dodged            ||    83
       Rpst.: Long sword ||    30

Table legend:
 A = Non-vault XP
 B = Vault XP
 C = Vault XP percentage of total XP
 D = Non-vault monster count
 E = Vault monster count
 F = Vault count percentage of total count
                 A         B        C        D         E       F
            +---------+---------+-------+---------+---------+-------
      Total |      54 |       2 |   3.6 |      24 |       1 |   4.0
            +---------+---------+-------+---------+---------+-------
        D:1 |      35 |       0 |   0.0 |      19 |       0 |   0.0
        D:2 |      19 |       2 |   9.5 |       5 |       1 |  16.7
            +---------+---------+-------+---------+---------+-------
